NWL (28 & UNDER)
RIVERSIDE RED BULLS @ CASPER GHOSTS
08/03/2029
 
TOP OF THE 1ST
Riverside Red Bulls batting - Pitching for Casper Ghosts : RHP Jack Hampton
Pitching: RHP Jack Hampton
Batting: RHB Donovan James 0-0: Ball
1-0: Ball
2-0: Ball
3-0: Called Strike
3-1: Swinging Strike
3-2: Strikes out looking
Batting: LHB José Guillén 0-0: Ground out 4-3 (Groundball, 4)
Batting: LHB Miguel Gálvez 0-0: Swinging Strike
0-1: Called Strike
0-2: Ball
1-2: Strikes out looking
Top of the 1st over - 0 runs, 0 hits, 0 errors, 0 left on base; Riverside 0 - Casper 0
BOTTOM OF THE 1ST
Casper Ghosts batting - Pitching for Riverside Red Bulls : RHP Ricardo Marino
Pitching: RHP Ricardo Marino
Batting: RHB Troy Reed 0-0: Ball
1-0: Ball
2-0: Called Strike
2-1: Foul Ball, location: 2F
2-2: SINGLE (Flyball, 89M)
Batting: RHB Robert Acosta 0-0: Called Strike
0-1: Foul Ball, location: 2F
0-2: Ball
1-2: SINGLE (Line Drive, 9LS)
Troy Reed to second
Batting: RHB Paul Richard 0-0: Ball
1-0: SINGLE (Flyball, 8LM)
Troy Reed to third
Robert Acosta to second
Batting: RHB Mark Arnold 0-0: Ball
1-0: Ball
2-0: Called Strike
2-1: Ball
3-1: Base on Balls
Troy Reed scores
Robert Acosta to third
Paul Richard to second
Batting: LHB Luis Rodríguez 0-0: Ball
Wild Pitch!
Robert Acosta scores
Paul Richard to third
Mark Arnold to second
1-0: Called Strike
1-1: Ball
2-1: Foul Ball, location: 2F
2-2: Ball
3-2: Foul Ball, location: 2F
3-2: Strikes out swinging
Batting: RHB Miguel Toro 0-0: Called Strike
0-1: Called Strike
0-2: Strikes out looking
Batting: LHB Ramón Córdova 0-0: Called Strike
0-1: Called Strike
0-2: Strikes out swinging
Bottom of the 1st over - 2 runs, 3 hits, 0 errors, 2 left on base; Riverside 0 - Casper 2
TOP OF THE 2ND
Riverside Red Bulls batting - Pitching for Casper Ghosts : RHP Jack Hampton
Batting: RHB Ricardo Guzmán 0-0: Ball
1-0: Ball
2-0: Ball
3-0: Base on Balls
Batting: LHB Gabriel Estrada 0-0: Ball
1-0: Ball
2-0: Called Strike
2-1: Ball
3-1: DOUBLE (Line Drive, 8LD)
Ricardo Guzmán to third
Runner from 3rd tries for Home, SAFE, no throw
Batting: RHB John Burton 0-0: Ball
1-0: Swinging Strike
1-1: Ball
2-1: Foul Ball, location: 2F
2-2: Fly out, F3 (Flyball, 3D)
Batting: RHB Robert Stevens 0-0: Ball
1-0: Called Strike
1-1: Foul Ball, location: 2F
1-2: Strikes out swinging
Batting: SHB Ángel Estrada 0-0: Called Strike
0-1: Ball
1-1: Called Strike
1-2: Ball
2-2: Ball
3-2: Foul Ball, location: 2F
3-2: Base on Balls
Batting: RHB Juan Morales 0-0: Called Strike
0-1: Swinging Strike
0-2: Ball
1-2: Foul Ball, location: 2F
1-2: Foul Ball, location: 2F
1-2: Fly out, F9 (Flyball, 9LS)
Top of the 2nd over - 1 run, 1 hit, 0 errors, 2 left on base; Riverside 1 - Casper 2
BOTTOM OF THE 2ND
Casper Ghosts batting - Pitching for Riverside Red Bulls : RHP Ricardo Marino
Batting: SHB José González 0-0: Ball
1-0: Ball
2-0: Called Strike
2-1: Ball
3-1: Swinging Strike
3-2: Foul Ball, location: 2F
3-2: TRIPLE (Groundball, 5L)
Batting: RHB Hunter Plunket 0-0: Foul Ball, location: 2F
0-1: Foul Ball, location: 2F
0-2: Ball
1-2: Strikes out swinging
Batting: RHB Troy Reed 0-0: Called Strike
0-1: Ball
1-1: Called Strike
1-2: Fly out, F9 (Flyball, 9S)
Runner from 3rd tags up, SCORES, throw made
Batting: RHB Robert Acosta 0-0: Ball
1-0: Ball
2-0: Foul Ball, location: 2F
2-1: Called Strike
2-2: Ball
3-2: Base on Balls
Batting: RHB Paul Richard 0-0: Called Strike
0-1: Swinging Strike
0-2: Ball
1-2: Strikes out looking
Bottom of the 2nd over - 1 run, 1 hit, 0 errors, 1 left on base; Riverside 1 - Casper 3
TOP OF THE 3RD
Riverside Red Bulls batting - Pitching for Casper Ghosts : RHP Jack Hampton
Batting: RHB Donovan James 0-0: Called Strike
0-1: Swinging Strike
0-2: Foul Ball, location: 2F
0-2: Ground out 5-3 (Groundball, 56)
Batting: LHB José Guillén 0-0: Called Strike
0-1: Ground out 4-3 (Groundball, 4)
Batting: LHB Miguel Gálvez 0-0: Ball
1-0: Ball
2-0: Ball
3-0: Called Strike
3-1: Base on Balls
Batting: RHB Ricardo Guzmán 0-0: Ball
1-0: Ball
2-0: Called Strike
2-1: Ball
3-1: Called Strike
3-2: Foul Ball, location: 2F
3-2: Strikes out swinging
Top of the 3rd over - 0 runs, 0 hits, 0 errors, 1 left on base; Riverside 1 - Casper 3
BOTTOM OF THE 3RD
Casper Ghosts batting - Pitching for Riverside Red Bulls : RHP Ricardo Marino
Batting: RHB Mark Arnold 0-0: Called Strike
0-1: Ball
1-1: Foul Ball, location: 2F
1-2: SINGLE (Line Drive, 56)
Batting: LHB Luis Rodríguez 0-0: SINGLE (Line Drive, 6M)
Mark Arnold to second
Batting: RHB Miguel Toro 0-0: Ball
1-0: Fly out, F4 (Line Drive, 4M)
Batting: LHB Ramón Córdova 0-0: Swinging Strike
0-1: Foul Ball, location: 2F
0-2: Strikes out looking
Batting: SHB José González 0-0: Ball
1-0: Swinging Strike
1-1: Swinging Strike
1-2: Ground out 5-3 (Groundball, 56S)
Bottom of the 3rd over - 0 runs, 2 hits, 0 errors, 2 left on base; Riverside 1 - Casper 3
TOP OF THE 4TH
Riverside Red Bulls batting - Pitching for Casper Ghosts : RHP Jack Hampton
Batting: LHB Gabriel Estrada 0-0: Ball
1-0: Swinging Strike
1-1: Ground out U3 (Groundball, 3L)
Batting: RHB John Burton 0-0: Foul Ball, location: 2F
0-1: Swinging Strike
0-2: Foul Ball, location: 2F
0-2: Ball
1-2: SINGLE (Groundball, 34D)
Batting: RHB Robert Stevens 0-0: Ball
1-0: Ball
2-0: Foul Ball, location: 2F
2-1: Ball
3-1: Swinging Strike
3-2: Foul Ball, location: 2F
3-2: Strikes out looking
Batting: SHB Ángel Estrada 0-0: Ball
1-0: Called Strike
1-1: Foul Ball, location: 2F
1-2: Foul Ball, location: 2F
1-2: Fly out, F4 (Line Drive, 4)
Top of the 4th over - 0 runs, 1 hit, 0 errors, 1 left on base; Riverside 1 - Casper 3
BOTTOM OF THE 4TH
Casper Ghosts batting - Pitching for Riverside Red Bulls : RHP Ricardo Marino
Batting: RHB Hunter Plunket 0-0: SINGLE (Line Drive, 4M)
Batting: RHB Troy Reed 0-0: Fly out, F9 (Flyball, 89S)
Batting: RHB Robert Acosta 0-0: Ball
1-0: Swinging Strike
1-1: Called Strike
1-2: Ball
2-2: SINGLE (Line Drive, 9S)
Hunter Plunket to second
Batting: RHB Paul Richard 0-0: Called Strike
0-1: Ball
1-1: Swinging Strike
1-2: Foul Ball, location: 2F
1-2: Ball
2-2: Ball
3-2: Foul Ball, location: 2F
3-2: Grounds into double play, 6-4-3 (Groundball, 6)
Bottom of the 4th over - 0 runs, 2 hits, 0 errors, 1 left on base; Riverside 1 - Casper 3
TOP OF THE 5TH
Riverside Red Bulls batting - Pitching for Casper Ghosts : RHP Jack Hampton
Batting: RHB Juan Morales 0-0: Ground out 3-1 (Groundball, 34)
Batting: RHB Donovan James 0-0: Ball
1-0: Ground out 3-1 (Groundball, 34)
Batting: LHB José Guillén 0-0: Called Strike
0-1: Foul Ball, location: 2F
0-2: Ball
1-2: Ball
2-2: Foul Ball, location: 2F
2-2: Foul Ball, location: 2F
2-2: Foul Ball, location: 2F
2-2: Foul Ball, location: 2F
2-2: Hit by Pitch
Batting: LHB Miguel Gálvez 0-0: Ball
1-0: Called Strike
1-1: Ball
2-1: Foul Ball, location: 2F
2-2: SINGLE (Line Drive, 4M)
José Guillén to second
Runner from 2nd tries for 3rd, SAFE, throw made to third
Pitching: RHP José Padilla
Batting: RHB Ricardo Guzmán 0-0: SINGLE (Flyball, 9S)
José Guillén scores
Miguel Gálvez to second
Runner from 2nd tries for 3rd, SAFE, no throw
Batting: LHB Gabriel Estrada 0-0: Ball
1-0: Ball
2-0: Ground out 4-3 (Groundball, 4)
Top of the 5th over - 1 run, 2 hits, 0 errors, 2 left on base; Riverside 2 - Casper 3
BOTTOM OF THE 5TH
Casper Ghosts batting - Pitching for Riverside Red Bulls : RHP Ricardo Marino
Batting: RHB Mark Arnold 0-0: Called Strike
0-1: Called Strike
0-2: Ball
1-2: Ball
2-2: Foul Ball, location: 2F
2-2: Fly out, F7 (Flyball, 7S)
Batting: LHB Luis Rodríguez 0-0: Ball
1-0: Foul Ball, location: 2F
1-1: Ball
2-1: Fly out, F9 (Flyball, 89S)
Batting: RHB Miguel Toro 0-0: Called Strike
0-1: Ball
1-1: SINGLE (Groundball, 6MD)
Batting: LHB Ramón Córdova 0-0: Ball
1-0: Foul Ball, location: 2F
1-1: Foul Ball, location: 2F
1-2: Ball
2-2: Fly out, F9 (Flyball, 89D)
Bottom of the 5th over - 0 runs, 1 hit, 0 errors, 1 left on base; Riverside 2 - Casper 3
TOP OF THE 6TH
Riverside Red Bulls batting - Pitching for Casper Ghosts : RHP José Padilla
Batting: RHB John Burton 0-0: Called Strike
0-1: DOUBLE (Flyball, 78D)
Batting: RHB Robert Stevens 0-0: Swinging Strike
0-1: Called Strike
0-2: Ball
1-2: Ball
2-2: Ball
3-2: Base on Balls
Batting: SHB Ángel Estrada 0-0: Ball
1-0: SINGLE (Flyball, 78M)
John Burton to third
Robert Stevens to second
Runner from 3rd tries for Home, SAFE, no throw
Batting: RHB Juan Morales 0-0: Called Strike
0-1: Ball
1-1: Ball
2-1: Foul Ball, location: 2F
2-2: Foul Ball, location: 2F
2-2: Ball
3-2: Base on Balls
Robert Stevens to third
Ángel Estrada to second
Batting: RHB Donovan James 0-0: Called Strike
0-1: Ball
1-1: Ball
2-1: Foul Ball, location: 2F
2-2: Foul Ball, location: 2F
2-2: Ball
3-2: Foul Ball, location: 2F
3-2: Grounds into fielders choice 6-2 (Groundball, 6)
Ángel Estrada to third
Juan Morales to second
Batting: LHB José Guillén 0-0: Ball
1-0: SINGLE (Line Drive, 7S)
Ángel Estrada scores
Juan Morales to third
Donovan James to second
Pitching: LHP Pablo Solíz
Batting: LHB Miguel Gálvez 0-0: Ball
1-0: Ball
2-0: Called Strike
2-1: Called Strike
2-2: Strikes out swinging
Batting: RHB Ricardo Guzmán 0-0: Ball
1-0: Foul Ball, location: 2F
1-1: Ball
2-1: SINGLE (Line Drive, 78S)
Juan Morales scores
Donovan James to third
José Guillén to second
Runner from 3rd tries for Home, SAFE, no throw
Batting: LHB Gabriel Estrada 0-0: Fly out, F4 (Line Drive, 4)
Top of the 6th over - 4 runs, 4 hits, 0 errors, 2 left on base; Riverside 6 - Casper 3
BOTTOM OF THE 6TH
Casper Ghosts batting - Pitching for Riverside Red Bulls : RHP Ricardo Marino
Pitching: RHP Juan Herrera
Batting: SHB José González 0-0: Ball
1-0: Foul Ball, location: 2F
1-1: Called Strike
1-2: Fly out, F9 (Flyball, 89D)
Batting: RHB Hunter Plunket 0-0: Swinging Strike
0-1: Ground out 5-3 (Groundball, 5)
Batting: RHB Troy Reed 0-0: Called Strike
0-1: Ball
1-1: Ball
2-1: Called Strike
2-2: Ball
3-2: SINGLE (Groundball, 6MS) (infield hit)
Batting: RHB Robert Acosta 0-0: Fly out, F3 (Popup, 23F)
Bottom of the 6th over - 0 runs, 1 hit, 0 errors, 1 left on base; Riverside 6 - Casper 3
TOP OF THE 7TH
Riverside Red Bulls batting - Pitching for Casper Ghosts : LHP Pablo Solíz
Batting: RHB John Burton 0-0: Called Strike
0-1: Foul Ball, location: 2F
0-2: Ball
1-2: Strikes out swinging
Batting: RHB Robert Stevens 0-0: Ball
1-0: Foul Ball, location: 2F
1-1: Ball
2-1: Ball
3-1: Called Strike
3-2: Fly out, F8 (Flyball, 8LM)
Batting: SHB Ángel Estrada 0-0: Foul Ball, location: 2F
0-1: Called Strike
0-2: Ball
1-2: Ball
2-2: Ball
3-2: Ground out U3 (Groundball, 3L)
Top of the 7th over - 0 runs, 0 hits, 0 errors, 0 left on base; Riverside 6 - Casper 3
BOTTOM OF THE 7TH
Casper Ghosts batting - Pitching for Riverside Red Bulls : RHP Juan Herrera
Batting: RHB Paul Richard 0-0: Called Strike
0-1: Ball
1-1: Ball
2-1: Ball
3-1: Foul Ball, location: 2F
3-2: Base on Balls
Batting: RHB Mark Arnold 0-0: Ball
1-0: Foul Ball, location: 2F
1-1: Ground out 5-3 (Groundball, 56S)
Paul Richard to second
Batting: LHB Luis Rodríguez 0-0: Called Strike
0-1: Swinging Strike
0-2: Ball
1-2: Fly out, F9 (Flyball, 89S)
Batting: RHB Miguel Toro 0-0: Foul Ball, location: 2F
0-1: Ball
1-1: Fly out, F9 (Flyball, 9S)
Bottom of the 7th over - 0 runs, 0 hits, 0 errors, 1 left on base; Riverside 6 - Casper 3
TOP OF THE 8TH
Riverside Red Bulls batting - Pitching for Casper Ghosts : RHP Derrick Hall
Pitching: RHP Derrick Hall
Batting: RHB Juan Morales 0-0: Called Strike
0-1: Ground out 5-3 (Groundball, 5L)
Batting: RHB Donovan James 0-0: Called Strike
0-1: Ball
1-1: Called Strike
1-2: Ball
2-2: Foul Ball, location: 2F
2-2: Ball
3-2: Foul Ball, location: 2F
3-2: Base on Balls
Batting: LHB José Guillén 0-0: SINGLE (Groundball, 34D)
Donovan James to second
Runner from 2nd tries for 3rd, SAFE, throw made to third
Batting: LHB Miguel Gálvez 0-0: Ball
1-0: Foul Ball, location: 2F
1-1: Called Strike
1-2: Ball
2-2: Strikes out swinging
Batting: RHB Ricardo Guzmán 0-0: Ball
1-0: Swinging Strike
1-1: Ball
2-1: Foul Ball, location: 2F
2-2: Foul Ball, location: 2F
2-2: Fielders Choice at 2nd, 6-4 (Groundball, 56)
Top of the 8th over - 0 runs, 1 hit, 0 errors, 2 left on base; Riverside 6 - Casper 3
BOTTOM OF THE 8TH
Casper Ghosts batting - Pitching for Riverside Red Bulls : RHP Juan Herrera
Batting: LHB Ramón Córdova 0-0: Ball
1-0: Called Strike
1-1: Foul Ball, location: 2F
1-2: Ball
2-2: Strikes out swinging
Batting: SHB José González 0-0: Ball
1-0: Ball
2-0: Foul Ball, location: 2F
2-1: Foul Ball, location: 2F
2-2: Ball
3-2: Base on Balls
Batting: RHB Hunter Plunket 0-0: Ball
1-0: Ball
2-0: Foul Ball, location: 2F
2-1: Ball
3-1: Base on Balls
José González to second
Pitching: RHP Shawn Montoya
Batting: RHB Troy Reed 0-0: Swinging Strike
0-1: Ball
1-1: Foul Ball, location: 2F
1-2: Strikes out swinging
Batting: RHB Robert Acosta 0-0: Foul Ball, location: 2F
0-1: Ball
1-1: Swinging Strike
1-2: Strikes out swinging
Bottom of the 8th over - 0 runs, 0 hits, 0 errors, 2 left on base; Riverside 6 - Casper 3
TOP OF THE 9TH
Riverside Red Bulls batting - Pitching for Casper Ghosts : RHP Derrick Hall
Batting: LHB Gabriel Estrada 0-0: Ball
1-0: Foul Ball, location: 2F
1-1: Ball
2-1: Foul Ball, location: 2F
2-2: Foul Ball, location: 2F
2-2: Ground out U3 (Groundball, 3S)
Batting: RHB John Burton 0-0: Called Strike
0-1: Ball
1-1: Called Strike
1-2: Ball
2-2: Strikes out swinging
Batting: RHB Robert Stevens 0-0: Called Strike
0-1: Foul Ball, location: 2F
0-2: Strikes out swinging
Top of the 9th over - 0 runs, 0 hits, 0 errors, 0 left on base; Riverside 6 - Casper 3
BOTTOM OF THE 9TH
Casper Ghosts batting - Pitching for Riverside Red Bulls : RHP Shawn Montoya
Pitching: RHP Ricardo López
Batting: RHB Paul Richard 0-0: Swinging Strike
0-1: SINGLE (Flyball, 78S)
Batting: RHB Mark Arnold 0-0: Foul Ball, location: 2F
0-1: Swinging Strike
0-2: SINGLE (Flyball, 89M)
Paul Richard to second
Batting: LHB Luis Rodríguez 0-0: Ball
1-0: Ball
2-0: SINGLE (Groundball, 6MD)
Paul Richard to third
Mark Arnold to second
Pinch Hitting: LHB Ronald Gordon 0-0: Ball
1-0: Swinging Strike
1-1: Ball
2-1: Foul Ball, location: 2F
2-2: Ground out 6-3 (Groundball, 6S)
Paul Richard scores
Mark Arnold to third
Luis Rodríguez to second
Batting: LHB Ramón Córdova 0-0: Fly out, F7 (Flyball, 7LM)
Batting: SHB José González 0-0: Foul Ball, location: 2F
0-1: Ball
1-1: Ball
2-1: Ball
3-1: Ground out 6-3 (Groundball, 6)
Bottom of the 9th over - 1 run, 3 hits, 0 errors, 2 left on base; Riverside 6 - Casper 4
Saturday, December 16th, 2017 - OOTP Baseball 18.8 Build 76